 Dungeon Crawl Stone Soup version 0.20.0-6-gd3061e9 (webtiles) character file.

21445009 inmateoo the Middleweight Champion (level 27, 373/373 HPs)
             Began as a Demonspawn Artificer on May 28, 2017.
             Was the Champion of Makhleb.
             Escaped with the Orb
             ... and 15 runes!
             The game lasted 03:46:41 (70885 turns).

inmateoo the Middleweight Champion (DsAr)          Turns: 70885, Time: 03:46:42

Health: 373/373    AC: 30    Str: 26    XL:     27
Magic:  23/41      EV: 37    Int: 23    God:    Makhleb [******]
Gold:   4289       SH: 23    Dex: 24    Spells: 4/63 levels left

rFire    + + +     SeeInvis .     - Unarmed
rCold    + + +     Gourm    .   X - +2 shield of Resistance {rF+ rC+ MR+}
rNeg     + + +     Faith    .   (armour currently unavailable)
rPois    ∞         Spirit   +   E - +2 hat of the Bear Spirit {Spirit, +Rage rN+ MR++}
rElec    +         Reflect  +   G - scarf {cloud immunity}
rCorr    +         Harm     .   (gloves currently unavailable)
MR       +++++                  (boots unavailable)
Stlth    ++........             S - amulet of the Mackerel {Reflect rElec Dex+3 SH+5 Stlth+}
Regen    1.8/turn               N - ring of Dotaiwoju {Ice rN+ Slay+6 Stlth+}
MPRegen  0.3/turn               e - ring "Egaat" {+Fly rF++ Int+5 Stlth-}

@: mighty, brilliant, agile, swift, statue-form, resistant, shrouded, very
slightly contaminated, regenerating, invisible, deflect missiles, slow
A: hooves 3, horns 2, agile 1, demonic guardian 3, deterioration 1, dopey 1, low
mp 1, mutation resistance 1, powered by death 3, robust 3, weak 1, no potion
heal 2, subdued magic 1, sturdy frame 3
0: Orb of Zot
}: 15/15 runes: serpentine, barnacled, slimy, silver, golden, iron, obsidian,
icy, bone, abyssal, demonic, glowing, magical, fiery, dark
a: End Transformation, Minor Destruction, Lesser Servant of Makhleb, Major
Destruction, Greater Servant of Makhleb, Renounce Religion, Evoke Berserk Rage,
Evoke Flight


You escaped.
You worshipped Makhleb.
Makhleb was exalted by your worship.
You were not hungry.
You were a stone statue.
You visited 18 branches of the dungeon, and saw 90 of its levels.
You visited Pandemonium 1 time, and saw 23 of its levels.
You visited the Abyss 3 times.
You also visited: Ice Cave and Wizlab.

You collected 33751 gold pieces.
You spent 12706 gold pieces at shops.
You paid 16756 gold pieces to Gozag.

Inventory:

Armour
 u - the +0 leather armour of Inviolability (melded) {rElec rC- rCorr Slay+6}
   (You bought it in a shop on level 4 of the Dungeon)

   It affects your accuracy and damage with ranged weapons and melee attacks
   (+6).
   It makes you vulnerable to cold.
   It insulates you from electricity.
   It protects you from acid and corrosion.
 E - the +2 hat of the Bear Spirit (worn) {Spirit, +Rage rN+ MR++}
   (You bought it in a shop on level 5 of the Dungeon)

   It protects you from negative energy.
   It affects your resistance to hostile enchantments.
   It lets you go berserk.
 G - a scarf of cloud immunity (worn)
 X - the +2 shield of Resistance (worn) {rF+ rC+ MR+}
   (You took it off a guardian mummy in a wizard's laboratory)

   It protects you from fire.
   It protects you from cold.
   It affects your resistance to hostile enchantments.
 Y - the +1 pair of gloves "Kodiunov" (melded) {rPois rF+}
   (You acquired it on level 2 of the Snake Pit)

   It protects you from fire.
   It protects you from poison.
Jewellery
 e - the ring "Egaat" (right hand) {+Fly rF++ Int+5 Stlth-}
   (You bought it in a shop on level 4 of the Snake Pit)

   [ring of flight]

   It affects your intelligence (+5).
   It greatly protects you from fire.
   It lets you fly.
   It makes you less stealthy.
 C - the ring "Xiclenie" {rCorr Dex+4}
   (You took it off a vault guard on level 1 of the Vaults)

   [ring of resist corrosion]

   It affects your dexterity (+4).
 K - the ring of Phasing {EV+8}
   (You found it on level 5 of the Pits of Slime)

   [ring of evasion]

   It affects your evasion (+8).
 N - the ring of Dotaiwoju (left hand) {Ice rN+ Slay+6 Stlth+}
   (You took it off a kobold on level 11 of the Dungeon)

   [ring of ice]

   It enhances your ice magic.
   It affects your accuracy and damage with ranged weapons and melee attacks
   (+6).
   It makes you vulnerable to fire.
   It protects you from cold.
   It protects you from negative energy.
   It makes you more stealthy.
 S - the amulet of the Mackerel (around neck) {Reflect rElec Dex+3 SH+5 Stlth+}
   (You found it on level 7 of Tartarus)

   [amulet of reflection]

   It shields you and reflects attacks.
   It affects your dexterity (+3).
   It insulates you from electricity.
   It affects your SH (+5).
   It makes you more stealthy.
 W - the ring of Fun {MR+ Str+2 Int+8 SInv}
   (You found it on level 7 of Gehenna)

   [ring of see invisible]

   It affects your strength (+2).
   It affects your intelligence (+8).
   It affects your resistance to hostile enchantments.
   It lets you see invisible.
Wands
 d - a wand of digging (4/24)
 h - a wand of confusion (23/48)
 n - a wand of scattershot (2/9)
 p - a wand of scattershot (5/9)
 F - a wand of disintegration (9/24)
 P - a wand of paralysis (17/24)
Scrolls
 k - 13 scrolls of recharging
 l - 5 scrolls of enchant armour
 q - 5 scrolls of blinking
 r - 9 scrolls of amnesia
 s - 6 scrolls of teleportation
 v - 21 scrolls of remove curse
 x - 14 scrolls of fear
 y - a scroll of magic mapping
 A - 14 scrolls of identify
 J - a scroll of silence
 Z - 4 scrolls of fog
Potions
 b - 6 potions of flight
 c - 2 potions of ambrosia
 g - a potion of invisibility
 o - 4 potions of cancellation
 t - 23 potions of curing
 w - 4 potions of brilliance
 B - a potion of magic
 H - 5 potions of mutation
 M - 3 potions of might
 O - a potion of berserk rage
 R - a potion of resistance
 T - 3 potions of agility
 V - 11 potions of heal wounds
Miscellaneous
 a - the horn of Geryon
 m - a lamp of fire
 z - 8 boxes of beasts
 D - a phial of floods
 I - 5 phantom mirrors
 L - a fan of gales
 Q - a lightning rod (4/4)
 U - 12 sacks of spiders
Comestibles
 f - 31 bread rations


   Skills:
 + Level 19.0 Fighting
   Level 0.8 Short Blades
 - Level 10.6 Armour
 + Level 19.6 Dodging
 - Level 0.8 Stealth
 + Level 17.1 Shields
 O Level 27 Unarmed Combat
 + Level 18.9 Spellcasting
 - Level 12.0 Charms
 * Level 20.1 Translocations
 - Level 12.0 Transmutations
 - Level 11.5 Air Magic
 * Level 20.7 Earth Magic
 + Level 18.8 Evocations


You had 4 spell levels left.
You knew the following spells:

 Your Spells              Type           Power        Failure   Level  Hunger
a - Statue Form           Tmut/Erth      ######...    1%          6    ###....
b - Regeneration          Chrm/Necr      #####.....   1%          3    None
c - Controlled Blink      Tloc           N/A          1%          8    ######.
d - Deflect Missiles      Chrm/Air       ######....   1%          6    ###....
e - Shatter               Erth           #######...   3%          9    #######
f - Apportation           Tloc           ######       0%          1    None
g - Summon Butterflies    Summ           ####....     1%          1    None
h - Lesser Beckoning      Tloc           #######...   0%          3    None
i - Swiftness             Chrm/Air       ######..     0%          2    None
j - Blink                 Tloc           N/A          0%          2    None
k - Passwall              Tmut/Erth      ######....   0%          2    None
l - Passage of Golubria   Tloc           N/A          0%          4    None
m - Lee's Rapid Deconstr  Erth           #######...   0%          5    None
n - Summon Forest         Summ/Tloc      ######....   1%          5    None
o - Shroud of Golubria    Chrm/Tloc      ######....   0%          2    None


Dungeon Overview and Level Annotations

Branches:
Dungeon (15/15)            Temple (1/1) D:5            Lair (6/6) D:8
 Shoals (4/4) Lair:4        Snake (4/4) Lair:3        Slime (5/5) Lair:6
    Orc (2/2) D:11            Elf (3/3) Orc:2        Vaults (5/5) D:14
  Crypt (3/3) Vaults:2       Tomb (3/3) Crypt:3      Depths (5/5) D:15
   Hell (1/1)                 Dis (7/7) Hell            Geh (7/7) Hell
    Coc (7/7) Hell            Tar (7/7) Hell            Zot (5/5) Depths:5

Altars:
Ashenzari
Cheibriados
Dithmenos
Elyvilon
Fedhas
Gozag
Hepliaklqana
Kikubaaqudgha
Makhleb
Nemelex Xobeh
Okawaru
Ru
Sif Muna
Trog
Uskayaw
Xom
Yredelemnul
Zin
The Shining One
Beogh
Jiyva
Lugonu

Shops:
D:4 [   D:5 [}[[(   D:8 *[*}   D:9 }   D:10 **   D:15 *   Temple =   Orc:2 !==}
Elf:2 [*!!   Shoals:3 *   Snake:1 ?   Snake:4 *=   Vaults:1 }   Vaults:2 *
Vaults:4 [   Vaults:5 ?%%%??%?   Crypt:2 [   Depths:2 [[

Portals:
Hell: Depths:1 Depths:2 Depths:3 Depths:4 Depths:5
Abyss: Depths:1 Depths:3 Depths:4 Depths:5
Pandemonium: Depths:3 Depths:4 Depths:5
Ziggurat: Depths:2

Annotations:
D:5 1 runed door
Tomb:1 Frederick


Innate Abilities, Weirdness & Mutations

You have hooves in place of feet.
A powerful demonic guardian rushes to your aid.
You regenerate a lot of health from kills.
You are extremely robust. (+30% HP)
Your movements are significantly less encumbered by armour. (ER -6)
You have a pair of horns on your head.
You are agile. (Dex +2)
Your body sometimes deteriorates upon taking damage.
You are dopey. (Int -2)
Your magical capacity is low. (-10% MP)
You are somewhat resistant to further mutation.
You are weak. (Str -2)
Potions are poor at restoring your health.
Your spells are a little easier to cast, but a little less powerful.


Message History

Casting: Shroud of Golubria
Confirm with . or Enter, or press ? or * to list all spells.
A forested plane collides here with a resounding crunch!
Your dryad calls out to the forest.
The forest starts to sway and rumble!
You hear an angry hiss.
Casting: Summon Forest
Confirm with . or Enter, or press ? or * to list all spells.
You feel quick.
You feel roots moving beneath the ground.
Casting: Swiftness
Confirm with . or Enter, or press ? or * to list all spells.
Your skin crawls.
Casting: Regeneration
Confirm with . or Enter, or press ? or * to list all spells.
You turn into a living statue of rough stone.
The +1 pair of gloves "Kodiunov" {rPois rF+} melds into your body.
The +0 leather armour of Inviolability {rElec rC- rCorr Slay+6} melds into your body.
Unknown command.
You have escaped!

.....#............#.###.#.#####..
.....#######......#..##.........#
8#.### #♣.♣##..##.##.........#
##.########...##..##.##..........
.................................
...#######..##.######.###.######.
..########..##♣.###♣#.# #.# #..
....##..##..##...R.##.###.#####..
###.##..#♣...'..8..##............
..#.##..#♣..##.....##............
.##.##..'...##♣####♣#............
....##..##..#########.###.#####..
######..##............###'#####..
######..##.⌠.................##..
#...######...########........####
#...######...# #........####
#........#.÷.# #.(..........


You could see a friendly dryad.

Vanquished Creatures
  Cerebov (Pan)
  Asmodeus (Geh:7)
  the Royal Jelly (Slime:5)
  Ereshkigal (Tar:7)
  the Serpent of Hell (Coc:7)
  Mnoleg (Pan)
  Lom Lobon (Pan)
  10 ancient liches
  5 orbs of fire (Zot:5)
  Dispater (Dis:7)
  Mara (Depths:4)
  2 juggernauts
  Sojobo (Vaults:4)
  12 greater mummies
  Xtahua (Crypt:3)
  19 shard shrikes
  The ghost of puimuR the Axe Maniac, a veteran HOBe of the Shining One (Tomb:3)
  17 pandemonium lords
  A caustic shrike (Depths:3)
  A golden dragon (shapeshifter) (Vaults:5)
  3 Killer Klowns
  7 golden dragons
  Geryon (Hell)
  A profane servitor (Crypt:3)
  16 bone dragons
  2 electric golems (Zot:5)
  13 Tzitzimimeh
  9 iron giants
  6 doom hounds
  14 Brimstone Fiends
  2 hellephants
  6 liches
  13 Hell Sentinels
  18 Ice Fiends
  34 Orb Guardians
  10 titans
  A shard shrike skeleton (Crypt:1)
  19 tentacled monstrosities
  3 deep elf blademasters
  A deep elf master archer (Elf:3)
  4 quicksilver dragons
  21 Executioners
  3 tentacled starspawn
  Frances (Snake:2)
  14 acid blobs
  2 death cobs (Zot:1)
  Murray (Hell)
  3 sphinxes (Tomb:1)
  7 eldritch tentacles
  Polyphemus (Shoals:2)
  12 ancient champions
  A thorn hunter (Abyss:5)
  3 draconian monks
  11 tengu reavers
  3 revenants
  9 storm dragons
  11 shadow dragons
  12 fire giants
  Ilsuiw (Shoals:3)
  3 daevas
  6 nagarajas
  6 azure jellies
  An azure jelly (shapeshifter) (Vaults:5)
  A blood saint (Pan)
  14 frost giants
  2 deep elf sorcerers
  3 draconian knights
  2 draconian scorchers
  Aizul (Shoals:1)
  15 balrugs
  2 draconian shifters
  4 iron dragons
  3 ghost moths
  An orc warlord (Vaults:4)
  9 vault wardens
  3 angels
  Louise (Elf:3)
  3 warmongers (Pan)
  3 deep elf elementalists
  2 juggernaut zombies
  A caustic shrike zombie (Depths:4)
  52 reapers
  11 ironheart preservers
  2 elemental wellsprings (Coc:7)
  2 spriggan defenders
  16 cacodemons
  4 curse skulls
  16 ghouls
  5 war gargoyles
  5 draconian annihilators
  22 very ugly things
  4 entropy weavers
  23 stone giants
  3 corrupters (Pan)
  13 vampire knights
  2 green draconians
  8 lorocyprocas
  10 deep elf demonologists
  3 bennus
  3 black suns (Pan)
  8 red draconians
  7 black draconians
  8 yellow draconians
  9 deep elf annihilators
  8 purple draconians
  3 spark wasps
  11 white draconians
  2 eidola
  16 ettins
  9 green deaths
  9 merfolk javelineers
  4 quicksilver dragon zombies
  10 deep elf death magi
  17 blizzard demons
  5 death oozes (Slime:5)
  28 mummy priests
  11 fire dragons
  A kraken zombie (Coc:7)
  22 ice dragons
  8 merfolk impalers
  The ghost of zkyp the Grappler, a journeyman TrWn (D:12)
  6 deep elf high priests
  24 jiangshi
  5 quicksilver dragon skeletons
  11 yaktaur captains
  6 rakshasas
  6 ogre magi
  3 spriggan air magi
  9 great orbs of eyes
  12 naga warriors
  7 monstrous demonspawn
  25 vault guards
  2 hell beasts
  2 ghost crabs
  A spectral shadow dragon (Crypt:3)
  3 merfolk avatars
  A catoblepas (Shoals:2)
  6 hydras
  Erica (D:10)
  An anaconda (shapeshifter) (Vaults:5)
  6 death knights
  13 anacondas
  3 merfolk aquamancers
  A dancing weapon (Abyss:4)
  32 hell hogs
  11 centaur warriors
  An alligator snapping turtle (Shoals:4)
  4 tengu warriors
  13 deep troll earth magi
  15 two-headed ogres
  22 death scarabs (Tomb:3)
  3 death yaks (Shoals:2)
  9 vampire magi
  13 naga sharpshooters
  7 titan zombies
  7 deep troll shamans
  A shock serpent (shapeshifter) (Vaults:5)
  A spriggan berserker (Depths:5)
  Urug (D:15)
  A spriggan (Lair:3)
  13 shock serpents
  A thrashing horror (Abyss:5)
  5 iron golems
  4 storm dragon zombies
  21 sun demons
  Sonja (D:15)
  34 soul eaters
  A storm dragon skeleton (Coc:5)
  2 wretched stars (Abyss:5)
  19 sixfirhies
  15 iron trolls
  11 shadow wraiths
  148 skeletal warriors
  A fire crab (Lair:6)
  A spatial maelstrom (Abyss:1)
  22 deep elf knights
  2 death drakes
  3 golden dragon zombies
  9 salamander mystics
  4 titan skeletons
  The ghost of puimuR the Cleaver, a novice MiVM of Okawaru (D:9)
  4 infernal demonspawn
  30 large abominations
  26 hell knights
  8 flayed ghosts
  A sea snake (shapeshifter) (Depths:2)
  2 spark wasp zombies
  17 sea snakes
  21 shadow demons
  6 wizards
  10 deep elf archers
  5 torturous demonspawn
  A swamp dragon (Abyss:5)
  9 anaconda zombies
  3 unseen horrors
  6 gelid demonspawn
  2 swamp dragons (shapeshifter)
  31 deep trolls
  A lindwurm (shapeshifter) (Depths:2)
  Pikel (D:6)
  4 naga ritualists
  A ghost moth zombie (Geh:2)
  2 golden dragon skeletons
  4 lindwurms (Snake:4)
  11 orc knights
  6 glowing orange brains
  A spectral wolf spider (Crypt:3)
  3 wolf spider zombies
  16 necromancers
  3 shadow dragon zombies
  12 harpies
  A harpy (shapeshifter) (Vaults:3)
  3 anaconda skeletons
  11 phantasmal warriors
  An orb spider (shapeshifter) (Elf:1)
  7 ironbrand convokers
  3 tengu zombies
  7 iron dragon zombies
  11 mana vipers
  11 orc sorcerers
  55 deep elf magi
  5 fire giant zombies
  15 fauns
  7 manticores
  24 ugly things
  2 shining eyes
  3 stone giant zombies
  A tengu skeleton (Vaults:5)
  8 frost giant zombies
  A cyclops (shapeshifter) (Vaults:1)
  Joseph (D:7)
  5 shadow dragon skeletons
  10 wolf spiders
  2 shining eyes (shapeshifter)
  11 moths of wrath
  A moth of wrath (shapeshifter) (Vaults:5)
  24 salamanders
  A toenail golem (Tomb:2)
  3 apocalypse crabs
  An iron dragon skeleton (Coc:2)
  12 cyclopes
  7 fire giant skeletons
  18 vault sentinels
  3 worldbinders
  A black mamba (shapeshifter) (Vaults:3)
  41 black mambas
  2 eyes of devastation (Slime:1)
  An elephant (Lair:3)
  15 naga magi
  39 smoke demons
  6 merfolk sirens
  12 molten gargoyles
  8 guardian serpents
  3 stone giant skeletons
  3 dire elephant zombies
  6 water nymphs
  3 frost giant skeletons
  36 rust devils
  4 ice statues
  25 orange demons
  2 yaktaur zombies (Vaults:5)
  A gargoyle (D:15)
  26 hellions
  A shock serpent skeleton (Pan)
  9 spiny frogs
  A yellow draconian zombie (Coc:7)
  2 dire elephant skeletons
  A komodo dragon (shapeshifter) (Depths:3)
  An emperor scorpion zombie (Dis:5)
  32 freezing wraiths
  3 elf skeletons
  A rime drake (Lair:5)
  31 tormentors
  35 yaktaurs
  4 efreet
  14 komodo dragons
  An ancient zyme (Abyss:5)
  36 ice devils
  A silent spectre (Tar:7)
  A human skeleton (Vaults:5)
  2 harpy zombies
  7 tengu conjurers
  An alligator snapping turtle skeleton (Crypt:1)
  An anaconda simulacrum (Coc:7)
  23 hellwings
  11 demonic crawlers
  33 red devils
  A troll (shapeshifter) (D:14)
  25 merfolk
  34 guardian mummies
  A jumping spider (Vaults:2)
  5 wind drakes
  8 trolls
  10 hydra zombies
  A tengu simulacrum (Vaults:5)
  6 hornets
  Grinder (D:6)
  Prince Ribbit (Lair:3)
  4 alligator zombies
  2 slime creatures (shapeshifter)
  17 blink frogs
  9 hydra skeletons
  A raiju (Vaults:5)
  A wind drake (shapeshifter) (Zot:2)
  A hornet (shapeshifter) (Depths:4)
  2 harpy skeletons
  58 slime creatures
  2 iron dragon simulacra
  A bog body (Crypt:1)
  4 fire dragon zombies
  12 hippogriffs
  7 dream sheep
  A fire giant simulacrum (Tar:4)
  5 ettin zombies
  A raiju (shapeshifter) (Vaults:3)
  6 ice dragon zombies
  7 snapping turtles
  26 water elementals
  A black mamba zombie (Dis:3)
  3 ettin skeletons
  147 flying skulls
  2 stone giant simulacra
  A centaur simulacrum (D:14)
  5 deep troll zombies
  A redback (shapeshifter) (Vaults:5)
  26 wraiths
  3 ice dragon skeletons
  8 air elementals
  A vampire (D:14)
  19 ynoxinuls
  3 fire dragon skeletons
  10 redbacks
  16 ushabtiu
  52 shadows
  A basilisk (shapeshifter) (D:15)
  23 fire elementals
  5 hogs
  A wyvern (shapeshifter) (Elf:2)
  A golden eye (shapeshifter) (Vaults:3)
  A human (shapeshifter) (Crypt:2)
  5 yaks
  7 small abominations
  6 wyverns
  5 hungry ghosts
  8 basilisks
  20 chaos spawn
  2 spatial vortices
  3 steam dragons
  4 vampire mosquitoes
  32 neqoxecs
  10 wargs
  Menkaure (D:5)
  Edmund (D:6)
  An insubstantial wisp (Crypt:2)
  A glowing shapeshifter zombie (Crypt:2)
  34 nagas
  A merfolk zombie (Coc:7)
  A soldier ant (D:5)
  2 acid dragons
  An infernal demonspawn zombie (WizLab)
  7 spiny frog zombies
  2 hydra simulacra
  10 porcupines
  57 hell hounds
  Duvessa (D:6)
  17 water moccasins
  A water moccasin (shapeshifter) (Depths:3)
  A merfolk skeleton (Dis:4)
  3 manticore zombies
  An eye of draining (shapeshifter) (Depths:4)
  7 spiny frog skeletons
  23 starcursed masses
  11 ice beasts
  A swamp dragon zombie (Tar:7)
  5 eyes of draining
  2 alligator simulacra
  36 orc warriors
  7 phantoms
  2 black bears
  3 sky beasts
  18 wolves
  2 snapping turtle zombies
  22 ogres
  20 necrophages
  16 boggarts
  25 centaurs
  3 manticore skeletons
  A swamp dragon skeleton (Crypt:2)
  19 crocodiles
  5 big kobolds
  A rime drake skeleton (Crypt:1)
  20 bullfrogs
  2 earth elementals
  A salamander skeleton (Crypt:1)
  A glowing shapeshifter simulacrum (Vaults:5)
  Dowan (D:6)
  A wyvern zombie (D:6)
  A water moccasin zombie (D:5)
  15 killer bees
  4 scorpions
  2 spriggan zombies
  A water moccasin skeleton (D:7)
  58 wights
  A human simulacrum (Vaults:1)
  4 electric eels
  A howler monkey (shapeshifter) (Depths:2)
  3 howler monkeys
  5 jellies
  3 centaur zombies
  9 crimson imps
  5 lava snakes (Lair:6)
  6 bullfrog zombies
  5 quasits
  A bullfrog skeleton (D:11)
  A demonspawn zombie (Crypt:2)
  9 hounds
  A human zombie (Crypt:1)
  15 orc priests
  5 centaur skeletons
  5 gnoll shamans (D:10)
  14 iron imps
  2 iguanas
  Ijyb (D:5)
  Terence (D:3)
  A hell rat (Crypt:2)
  39 orc wizards
  13 worker ants
  2 killer bee zombies
  A hound zombie (D:6)
  3 hound skeletons
  28 mummies
  2 worker ant zombies
  15 adders
  18 gnolls
  A river rat (Lair:1)
  15 shadow imps
  17 white imps
  2 ufetubi
  6 oozes
  5 adder zombies
  3 worms
  3 dart slugs
  6 leopard geckos
  126 orcs
  4 bats
  5 giant cockroaches
  6 goblins
  14 hobgoblins
  9 jackals
  6 quokkas
  7 frilled lizards
  A jackal skeleton (D:4)
  23 kobolds
  A kobold skeleton (Geh:6)
  3 kobold zombies
  A leopard gecko skeleton (D:8)
  An orc skeleton (Hell)
  A quokka zombie (D:6)
  12 rats
  A spectral orc (Crypt:3)
  A fire vortex (Geh:5)
  A lurking horror (Abyss:1)
  2 starspawn tentacles (Abyss:3)
  4 tentacles (Coc:7)
4163 creatures vanquished.

Vanquished Creatures (collateral kills)
  Antaeus (Coc:7)
  Gloorx Vloq (Pan)
  Khufu (Crypt:1)
  An orb of fire (Zot:5)
  Mennas (Vaults:3)
  2 greater mummies (Tomb:3)
  3 pandemonium lords
  Margery (Depths:1)
  5 shard shrikes
  A golden dragon (Zot:5)
  A bone dragon (Tar:7)
  4 Tzitzimimeh
  An iron giant (Dis:7)
  3 Orb Guardians
  3 tentacled monstrosities
  2 Ice Fiends (Dis:7)
  A deep elf master archer (Elf:3)
  2 liches
  A titan (Depths:2)
  An acid blob (Slime:5)
  4 Executioners (Pan)
  3 sphinxes
  A death cob (Zot:2)
  2 storm dragons
  Kirke (D:14)
  Gastronok (Lair:3)
  A tengu reaver (Vaults:5)
  2 shadow dragons (Vaults:5)
  A fire giant (Vaults:5)
  An azure jelly (Snake:2)
  Donald (Shoals:4)
  2 nagarajas
  A ghost moth (Zot:2)
  A deep elf sorcerer (Depths:5)
  A frost giant (Depths:5)
  A balrug (Tomb:3)
  2 corrupters (Pan)
  A draconian annihilator (Zot:5)
  3 vault wardens
  4 ironheart preservers
  5 very ugly things
  5 reapers
  A stone giant (Vaults:1)
  A black draconian (Depths:5)
  3 purple draconians
  A vampire knight (Crypt:3)
  A lorocyproca (Pan)
  A red draconian (Zot:4)
  3 yellow draconians
  Snorg (Lair:3)
  An ettin (D:15)
  A jiangshi (Crypt:1)
  A mummy priest (Tomb:3)
  A great orb of eyes (Depths:4)
  A hell beast (Tomb:1)
  4 quicksilver dragon skeletons
  3 ice dragons
  9 vault guards
  Fannar (D:12)
  A naga warrior (Snake:4)
  A catoblepas (Lair:4)
  A hydra (Lair:3)
  An anaconda (Snake:4)
  A centaur warrior (Depths:2)
  A death knight (Crypt:3)
  6 two-headed ogres
  A death scarab (Tomb:3)
  4 deep troll shamans
  3 dancing weapons (Elf:2)
  4 naga sharpshooters
  4 deep elf knights
  6 hell knights
  A sun demon (Depths:5)
  Nergalle (D:12)
  A shadow wraith (Pan)
  17 skeletal warriors
  3 iron trolls
  2 salamander mystics
  A sea snake (Shoals:4)
  An unseen horror (Vaults:1)
  A flayed ghost (Depths:4)
  5 deep trolls
  A naga ritualist (Snake:4)
  A sixfirhy (Pan)
  3 wizards
  A deep elf archer (Vaults:2)
  2 necromancers
  2 ironbrand convokers
  A phantasmal warrior (Crypt:1)
  An iron dragon zombie (Dis:5)
  3 ugly things
  A wolf spider (Vaults:1)
  2 deep elf magi
  An orc sorcerer (Orc:2)
  3 orc knights
  3 mana vipers
  A moth of wrath (Zot:4)
  An iron dragon skeleton (Coc:2)
  A salamander (Depths:3)
  A faun (Shoals:4)
  A dire elephant zombie (Geh:7)
  A shock serpent zombie (Hell)
  5 elephants (Lair:3)
  A smoke demon (Pan)
  A demonspawn zombie (WizLab)
  4 black mambas
  Maurice (D:8)
  A centaur skeleton (D:11)
  An orange demon (Pan)
  A water nymph (Shoals:4)
  A vault sentinel (Vaults:1)
  A dire elephant skeleton (Coc:7)
  2 spiny frogs (Lair:6)
  A guardian serpent (Snake:4)
  A rime drake (Lair:2)
  Psyche (D:8)
  A komodo dragon (shapeshifter) (Vaults:1)
  2 komodo dragons
  An ice devil (Coc:4)
  7 yaktaurs
  A guardian mummy (WizLab)
  An anaconda simulacrum (Coc:2)
  A tengu conjurer (Depths:5)
  2 freezing wraiths (Coc:7)
  7 red devils
  A demonic crawler (Pan)
  A hellwing (Tomb:1)
  2 merfolk (Shoals:4)
  A jumping spider (shapeshifter) (Depths:3)
  An alligator zombie (Coc:2)
  4 slime creatures
  An ettin zombie (Crypt:1)
  2 hippogriffs
  2 blink frogs (Lair:2)
  A deep troll zombie (WizLab)
  An alligator skeleton (Hell)
  23 flying skulls
  2 water elementals (Shoals:4)
  A redback (Vaults:4)
  A fire elemental (Elf:3)
  3 hogs (D:14)
  A human (D:9)
  3 shadows
  A ynoxinul (Zot:1)
  2 yaks
  Grum (Lair:1)
  A hog (shapeshifter) (Vaults:4)
  2 wargs (Orc:2)
  3 nagas
  A spiny frog zombie (Geh:7)
  3 soldier ants (D:5)
  5 hell hounds
  5 water moccasins
  A floating eye (shapeshifter) (Depths:2)
  A swamp drake (D:8)
  An ice beast (D:5)
  An orc warrior (D:10)
  20 wolves
  3 centaurs (D:11)
  2 ogres
  3 boggarts (Vaults:3)
  A crocodile (Lair:5)
  4 bullfrogs
  A crimson imp (Depths:5)
  A jelly (D:11)
  2 hounds
  An orc priest (D:6)
  2 iron imps
  6 orc wizards (Orc:2)
  3 worker ants
  A big kobold skeleton (Crypt:1)
  A mummy (Crypt:1)
  A worker ant zombie (D:6)
  5 adders
  A white imp (Coc:7)
  8 orcs
  A giant cockroach (D:6)
  A gnoll skeleton (Crypt:1)
  A leopard gecko zombie (D:6)
  An orc zombie (Crypt:1)
  A fire vortex (Pan)
  A fungus (Lair:5)
408 creatures vanquished.

Vanquished Creatures (others)
  An eldritch tentacle (Tar:6)
  An ancient champion (Dis:3)
  A fire giant (Depths:5)
  A ghost moth (Pan)
  3 elemental wellsprings
  A stone giant (Vaults:5)
  22 dancing weapons
  2 death scarabs (Tomb:3)
  A sun demon (Pan)
  A sixfirhy (Tomb:1)
  2 large abominations (Tomb:1)
  A shock serpent zombie (Tomb:2)
  A rust devil (Tomb:2)
  A stone giant skeleton (Tomb:2)
  2 smoke demons
  A komodo dragon (Lair:6)
  A red devil (Tomb:1)
  4 flying skulls (Tomb:2)
  A human (D:14)
  A neqoxec (Tomb:2)
  A hell hound (Dis:5)
  An orc warrior (Vaults:4)
  3 slaves (D:6)
  A boggart (Vaults:1)
  A centaur (D:13)
  A wight (Geh:3)
  A bullfrog zombie (D:6)
  A crimson imp (Tomb:3)
  A hound (D:6)
  A centaur skeleton (D:6)
  2 iron imps
  2 orc wizards
  A mummy (Tomb:2)
  An adder (D:6)
  2 shadow imps
  2 white imps (IceCv)
  8 ufetubi
  3 ball lightnings (Pan)
  5 orcs
  A giant cockroach (D:6)
  2 kobold skeletons
  A quokka skeleton (D:6)
  A quokka zombie (D:6)
  A briar patch (Pan)
  4 fire vortices (Pan)
  14 fungi
  A lurking horror (Abyss:5)
  26 plants
  4 starspawn tentacles
  4 tentacles (Coc:7)
146 creatures vanquished.

Grand Total: 4717 creatures vanquished

Notes
Turn   | Place    | Note
-------+----------+-------------------------------------------
     0 | D:1      | inmateoo the Demonspawn Artificer began the quest for the Orb.
     0 | D:1      | Reached XP level 1. HP: 15/15 MP: 3/3
    35 | D:1      | Reached skill level 1 in Unarmed Combat
   115 | D:1      | Gained mutation: You have large cloven feet. [demonic ancestry]
   115 | D:1      | Reached XP level 2. HP: 17/21 MP: 4/4
   363 | D:1      | Reached skill level 2 in Unarmed Combat
  1111 | D:2      | Gained mutation: A weak demonic guardian rushes to your aid. [demonic ancestry]
  1111 | D:2      | Reached XP level 3. HP: 24/26 MP: 5/5
  1360 | D:2      | Found a shimmering altar of Xom.
  1407 | D:2      | Found a shadowy altar of Dithmenos.
  1561 | D:3      | Reached skill level 3 in Unarmed Combat
  1858 | D:3      | Gained mutation: You have hoof-like feet. [demonic ancestry]
  1858 | D:3      | Reached XP level 4. HP: 28/32 MP: 6/6
  2088 | D:3      | Found a sacrificial altar of Ru.
  2194 | D:3      | Noticed Terence
  2202 | D:3      | Killed Terence
  2297 | D:3      | Found a faded altar of an unknown god.
  2626 | D:3      | Found a glowing golden altar of the Shining One.
  2718 | D:3      | Found an opulent altar of Gozag.
  2719 | D:3      | Found a sparkling altar of Nemelex Xobeh.
  2725 | D:3      | Reached skill level 4 in Unarmed Combat
  2801 | D:4      | Gained mutation: You regenerate a little health from kills. [demonic ancestry]
  2801 | D:4      | Reached XP level 5. HP: 37/37 MP: 7/7
  3062 | D:4      | Found Pulieqo's Armour Shop.
  3072 | D:4      | Reached skill level 5 in Unarmed Combat
  3388 | D:5      | Entered Level 5 of the Dungeon
  3423 | D:5      | Noticed Ijyb
  3513 | D:5      | Found Wuilit's Antique Armour Shoppe.
  3537 | D:5      | Gained mutation: Your movements are slightly less encumbered by armour. (ER -2) [demonic ancestry]
  3537 | D:5      | Reached XP level 6. HP: 31/43 MP: 8/8
  3582 | D:5      | Found Ehez Hee's Gadget Shoppe.
  3616 | D:5      | Found Kept's Antique Armour Shop.
  3650 | D:5      | Noticed a water moccasin
  3657 | D:5      | Found a runed door.
  3659 | D:5      | Noticed an ice beast
  3677 | D:5      | Killed an ice beast
  3677 | D:5      | Reached skill level 6 in Unarmed Combat
  3694 | D:5      | Found a runed gate.
  3695 | D:5      | Found a runed door.
  3705 | D:5      | Found a runed gate.
  3705 | D:5      | Found a runed gate.
  3707 | D:5      | Noticed a soldier ant
  3707 | D:5      | Noticed a soldier ant
  3707 | D:5      | Noticed a soldier ant
  3714 | D:5      | Found a hide-covered altar of Uskayaw.
  3714 | D:5      | Noticed a soldier ant
  3845 | D:5      | Noticed Menkaure
  3902 | D:5      | Killed Menkaure
  3902 | D:5      | Gained mutation: You have hooves in place of feet. [demonic ancestry]
  3902 | D:5      | Reached XP level 7. HP: 23/48 MP: 9/9
  4194 | D:3      | Became a worshipper of Gozag Ym Sagoz the Greedy
  4376 | D:5      | Reached skill level 7 in Unarmed Combat
  4431 | D:5      | Found Ycvosch's Weapon Boutique.
  4454 | D:5      | Killed Ijyb
  4744 | D:5      | Found Udwyariy's Antique Armour Boutique.
  4882 | D:5      | Found a staircase to the Ecumenical Temple.
  4937 | D:6      | Noticed Pikel
  5099 | D:6      | Reached skill level 1 in Armour
  5139 | D:6      | Killed Pikel
  5139 | D:6      | Gained mutation: Your movements are less encumbered by armour. (ER -4) [demonic ancestry]
  5139 | D:6      | Reached XP level 8. HP: 39/57 MP: 10/10
  5475 | D:6      | Noticed Grinder
  5475 | D:6      | Killed Grinder
  5475 | D:6      | Reached skill level 8 in Unarmed Combat
  5480 | D:6      | Noticed Edmund
  5500 | D:6      | Killed Edmund
  5560 | D:6      | Noticed Dowan
  5609 | D:6      | Noticed Duvessa
  5692 | D:4      | Bought the cursed +0 leather armour of Inviolability {rElec rC- rCorr Slay+6} for 404 gold pieces
  5956 | D:6      | Killed Duvessa
  5956 | D:6      | Gained mutation: A demonic guardian rushes to your aid. [demonic ancestry]
  5956 | D:6      | Reached XP level 9. HP: 50/65 MP: 11/11
  5966 | D:6      | Killed Dowan
  6436 | D:7      | Noticed a two-headed ogre
  6445 | D:7      | Killed a two-headed ogre
  6597 | D:7      | Found a basalt altar of Yredelemnul.
  6606 | D:7      | Found a blossoming altar of Fedhas.
  6606 | D:7      | Found a hazy altar of Hepliaklqana.
  6606 | D:7      | Found a shattered altar of Ashenzari.
  6607 | D:7      | Found a white marble altar of Elyvilon.
  6680 | D:7      | Reached skill level 5 in Dodging
  6704 | D:7      | Noticed Joseph
  6726 | D:7      | Killed Joseph
  6726 | D:7      | Reached skill level 5 in Fighting
  6726 | D:7      | Reached skill level 9 in Unarmed Combat
  7602 | D:7      | Got a faintly humming ring mail
  7995 | D:8      | Reached skill level 5 in Armour
  8067 | D:8      | Gained mutation: You are robust. (+10% HP) [demonic ancestry]
  8067 | D:8      | Reached XP level 10. HP: 67/82 MP: 12/12
  8151 | D:8      | Noticed Psyche
  8159 | D:8      | Killed Psyche
  8266 | D:8      | Found a staircase to the Lair.
  8611 | D:8      | Noticed Maurice
  8621 | D:8      | Killed Maurice
  8806 | D:8      | Reached skill level 10 in Unarmed Combat
  9170 | D:5      | Bought the +2 hat of the Bear Spirit {Spirit, +Rage rN+ MR++} for 742 gold pieces
  9624 | D:9      | Noticed a two-headed ogre
  9628 | D:9      | Killed a two-headed ogre
  9697 | D:9      | Noticed puimuR's ghost (novice MiVM)
  9760 | D:9      | Killed puimuR's ghost
  9852 | D:9      | Found Ebofekop's Gadget Shop.
  9997 | D:9      | Reached skill level 11 in Unarmed Combat
 10132 | D:10     | Entered Level 10 of the Dungeon
 10232 | D:10     | Found Araenaa's Assorted Antiques.
 10244 | D:10     | Bought a potion of lignification for 87 gold pieces
 10244 | D:10     | Bought a bubbling sapphire potion for 26 gold pieces
 10244 | D:10     | Bought a scroll labeled IGHIYP RERHIGU for 29 gold pieces
 10288 | D:10     | Reached XP level 11. HP: 72/89 MP: 10/14
 10337 | D:10     | Found Niyfrouz's Serpentskin Sales.
 10360 | D:10     | Bought a +2 buckler of poison resistance for 277 gold pieces
 10489 | D:10     | Noticed Erica
 10504 | D:10     | Killed Erica
 10504 | D:10     | Reached skill level 5 in Evocations
 10807 | D:10     | Reached skill level 1 in Shields
 11336 | D:11     | Got a steaming ivory ring
 11571 | D:12     | Noticed zkyp's ghost (journeyman TrWn)
 12378 | D:5      | Identified the ring of Dotaiwoju {Ice rN+ Slay+6 Stlth+} (You took it off a kobold on level 11 of the Dungeon)
 12653 | Lair:1   | Entered Level 1 of the Lair of Beasts
 12664 | Lair:1   | Reached skill level 12 in Unarmed Combat
 12831 | Lair:1   | Noticed Grum
 12842 | Lair:1   | Killed Grum
 13370 | Lair:2   | Gained mutation: A powerful demonic guardian rushes to your aid. [demonic ancestry]
 13370 | Lair:2   | Reached XP level 12. HP: 94/96 MP: 16/16
 13706 | Lair:2   | Learned a level 6 spell: Statue Form
 14285 | Lair:3   | Found a staircase to the Snake Pit.
 14291 | Lair:3   | Reached skill level 1 in Earth Magic
 14296 | Lair:3   | Reached skill level 1 in Spellcasting
 14334 | Lair:3   | Noticed Prince Ribbit
 14336 | Lair:3   | Noticed a seven-headed hydra
 14345 | Lair:3   | Killed a seven-headed hydra
 14345 | Lair:3   | Reached skill level 13 in Unarmed Combat
 14345 | Lair:3   | Reached skill level 1 in Transmutations
 14365 | Lair:3   | Killed Prince Ribbit
 14466 | Lair:3   | Noticed Gastronok
 14467 | Lair:3   | Noticed Snorg
 14498 | Lair:3   | Killed Gastronok
 14515 | Lair:3   | Killed Snorg
 15416 | Lair:4   | Gained mutation: You regenerate health from kills. [demonic ancestry]
 15416 | Lair:4   | Reached XP level 13. HP: 107/107 MP: 13/18
 15600 | Lair:4   | Found a staircase to the Shoals.
 16381 | Lair:5   | Identified a scroll of acquirement
 16571 | Lair:6   | Entered Level 6 of the Lair of Beasts
 16725 | Lair:6   | Reached skill level 14 in Unarmed Combat
 16732 | Lair:6   | Found a staircase to the Slime Pits.
 17659 | Lair:6   | Noticed a fire dragon
 17668 | Lair:6   | Reached skill level 5 in Spellcasting
 17668 | Lair:6   | Reached skill level 5 in Earth Magic
 17905 | Lair:6   | Found a large runed door.
 17905 | Lair:6   | Found a large runed door.
 18134 | Lair:6   | Reached skill level 5 in Transmutations
 18412 | Lair:6   | Killed a fire dragon
 18757 | D:5      | Bought a pair of embroidered gloves for 172 gold pieces
 18785 | D:5      | Bought a bloodstained buckler for 180 gold pieces
 18796 | D:5      | Identified the +1 buckler of Vanity {rN++ MR++} (You bought it in a shop on level 5 of the Dungeon)
 18915 | D:8      | Bought a scroll of identify for 44 gold pieces
 18915 | D:8      | Bought a scroll of acquirement for 1144 gold pieces
 18915 | D:8      | Bought a fuming purple potion for 19 gold pieces
 18917 | D:8      | Got a faintly glowing buckler
 18928 | D:8      | Identified the +1 buckler of Koemp {Str-4 Dex+4 Slay+3} (You acquired it on level 8 of the Dungeon)
 18990 | D:8      | Identified the +1 ring mail "Erraavum" {Str+2} (You found it on level 7 of the Dungeon)
 19054 | D:11     | Found a staircase to the Orcish Mines.
 19067 | D:11     | Found a roughly hewn altar of Beogh.
 19312 | D:12     | Noticed Nergalle
 19316 | D:12     | Noticed Fannar
 19330 | D:12     | Killed Fannar
 19330 | D:12     | Gained mutation: You are very robust. (+20% HP) [demonic ancestry]
 19330 | D:12     | Reached XP level 14. HP: 102/126 MP: 19/22
 19332 | D:12     | Killed Nergalle
 19509 | D:12     | Killed zkyp's ghost
 21167 | D:14     | Reached skill level 15 in Unarmed Combat
 21219 | D:14     | Noticed Kirke
 21251 | D:14     | Killed Kirke
 21429 | D:14     | Found a blossoming altar of Fedhas.
 21441 | D:14     | Found a gate to the Vaults.
 21871 | D:15     | Entered Level 15 of the Dungeon
 22001 | D:15     | Found a staircase to the Depths.
 22299 | D:15     | Noticed Urug
 22311 | D:15     | Killed Urug
 22528 | D:15     | Gained mutation: You tend to lose your temper in combat. [a shining eye]
 22529 | D:15     | Gained mutation: You are clumsy. (Dex -2) [a shining eye]
 22563 | D:15     | Lost mutation: You tend to lose your temper in combat. [potion of mutation]
 22563 | D:15     | Lost mutation: You are clumsy. (Dex -2) [potion of mutation]
 22563 | D:15     | Gained mutation: You possess an exceptional clarity of mind. [potion of mutation]
 22563 | D:15     | Gained mutation: Your magical capacity is low. (-10% MP) [potion of mutation]
 22563 | D:15     | Gained mutation: Your mind is acute. (Int +2) [potion of mutation]
 22563 | D:15     | Gained mutation: You have a pair of small horns on your head. [potion of mutation]
 22964 | D:15     | Reached XP level 15. HP: 121/132 MP: 17/22
 22993 | D:15     | Noticed Sonja
 23001 | D:15     | Killed Sonja
 23061 | D:15     | Bought a scroll of identify for 32 gold pieces
 23061 | D:15     | Bought a royal jelly for 32 gold pieces
 23061 | D:15     | Bought a meat ration for 80 gold pieces
 23248 | Orc:1    | Entered Level 1 of the Orcish Mines
 23607 | Orc:2    | Entered Level 2 of the Orcish Mines
 23612 | Orc:2    | Found a staircase to the Elven Halls.
 23903 | Orc:2    | Found a roughly hewn altar of Beogh.
 24067 | Orc:2    | Found Comisch's Jewellery Shop.
 24076 | Orc:2    | Found Ceoh's Gadget Shoppe.
 24129 | Orc:2    | Bought a wand of paralysis (18/24) for 320 gold pieces
 24129 | Orc:2    | Bought a sack of spiders for 320 gold pieces
 24150 | Orc:2    | Found a roughly hewn altar of Beogh.
 24175 | Orc:2    | Found Najogi's Distillery.
 24212 | Orc:2    | Found Mese's Jewellery Shoppe.
 24519 | Orc:2    | Bought the amulet of Gibo {MR- Regen+ Dex+8} for 843 gold pieces
 24761 | Snake:1  | Entered Level 1 of the Snake Pit
 25187 | Snake:1  | Found Wouzuo's Magic Scroll Shoppe.
 26034 | Snake:2  | Got a pair of slimy gloves
 26047 | Snake:2  | Identified the +1 pair of gloves "Kodiunov" {rPois rF+} (You acquired it on level 2 of the Snake Pit)
 26064 | Snake:2  | Noticed Frances
 26079 | Snake:2  | Killed Frances
 26134 | Snake:2  | Noticed an azure jelly
 26142 | Snake:2  | Killed an azure jelly
 26155 | Snake:2  | Found a frozen archway.
 26215 | IceCv    | Entered an ice cave
 26350 | IceCv    | Reached skill level 10 in Evocations
 26909 | Snake:2  | Noticed a nagaraja
 26939 | Snake:2  | Killed a nagaraja
 27157 | Snake:3  | Gained mutation: Your movements are significantly less encumbered by armour. (ER -6) [demonic ancestry]
 27157 | Snake:3  | Reached XP level 16. HP: 128/140 MP: 21/24
 27389 | Snake:3  | Reached skill level 16 in Unarmed Combat
 27575 | Snake:3  | Reached skill level 10 in Dodging
 28429 | Snake:4  | Entered Level 4 of the Snake Pit
 28432 | Snake:4  | Bought the ring "Egaat" {+Fly rF++ Int+5 Stlth-} for 970 gold pieces
 28483 | Snake:4  | Found a glowing silver altar of Zin.
 29454 | Snake:4  | Reached XP level 17. HP: 130/146 MP: 21/27
 29501 | Snake:4  | Reached skill level 17 in Unarmed Combat
 29597 | Snake:4  | Got a serpentine rune of Zot
 29863 | Snake:4  | Bought a scroll labeled NOAMEN IXERO for 25 gold pieces
 29863 | Snake:4  | Bought a potion of lignification for 75 gold pieces
 29863 | Snake:4  | Bought a sack of spiders for 500 gold pieces
 29918 | Snake:4  | Bought the ring "Zaegaeh" {Str+4 Int+2 Dex+4 SInv} for 674 gold pieces
 30201 | Vaults:1 | Entered Level 1 of the Vaults
 30394 | Vaults:1 | Got a steaming granite ring
 30691 | Vaults:1 | Found Ticseis's Gadget Emporium.
 30699 | Vaults:1 | Bought a sack of spiders for 200 gold pieces
 30837 | Vaults:1 | Identified the ring "Xiclenie" {rCorr Dex+4} (You took it off a vault guard on level 1 of the Vaults)
 31444 | Vaults:2 | Reached skill level 10 in Spellcasting
 31577 | Vaults:2 | Reached XP level 18. HP: 154/154 MP: 17/28
 31706 | Vaults:2 | Found Tiocab's Assorted Antiques.
 31716 | Vaults:2 | Bought a scroll of identify for 70 gold pieces
 31716 | Vaults:2 | Bought a scroll of identify for 70 gold pieces
 31779 | Vaults:2 | Found a staircase to the Crypt.
 31779 | Vaults:2 | Found a basalt altar of Yredelemnul.
 31780 | Vaults:2 | Found an ancient bone altar of Kikubaaqudgha.
 31927 | Vaults:2 | Reached skill level 10 in Transmutations
 32444 | Vaults:2 | Reached skill level 10 in Earth Magic
 32476 | Vaults:2 | Reached skill level 18 in Unarmed Combat
 32753 | Vaults:3 | Found a magical portal.
 32773 | WizLab   | Entered Doroklohe's Tomb
 33003 | WizLab   | Noticed an ancient lich
 33009 | WizLab   | Killed an ancient lich
 33256 | WizLab   | Identified the +8 chain mail "Ufuahe" {rN+} (You took it off a mummy priest in a wizard's laboratory)
 33258 | WizLab   | Identified the +3 ring mail of the Everdark {MR- Str+7 Int-4} (You took it off a mummy priest in a wizard's laboratory)
 33594 | Vaults:3 | Noticed Mennas
 33651 | Vaults:3 | Killed Mennas
 34634 | Vaults:4 | Reached skill level 5 in Shields
 34706 | Vaults:4 | Gained mutation: You regenerate a lot of health from kills. [demonic ancestry]
 34706 | Vaults:4 | Reached XP level 19. HP: 153/165 MP: 28/30
 35490 | Vaults:4 | Noticed Sojobo
 35510 | Vaults:4 | Killed Sojobo
 35996 | Depths:1 | Entered Level 1 of the Depths
 36096 | Depths:1 | Noticed Margery
 36108 | Depths:1 | Killed Margery
 36387 | Depths:1 | Found a corrupted altar of Lugonu.
 36387 | Depths:1 | Found a one-way gate to the infinite horrors of the Abyss.
 36575 | Depths:1 | Found a gateway to Hell.
 36697 | Depths:1 | Reached skill level 10 in Fighting
 37107 | Depths:2 | Paralysed by a floating eye for 3 turns
 37250 | Depths:2 | Reached skill level 19 in Unarmed Combat
 37604 | Depths:2 | Gained mutation: You are extremely robust. (+30% HP) [demonic ancestry]
 37604 | Depths:2 | Reached XP level 20. HP: 152/190 MP: 16/32
 37789 | Depths:2 | Found a gateway to a ziggurat.
 38511 | Depths:3 | Noticed a caustic shrike
 38804 | Depths:3 | Killed a caustic shrike
 39281 | Depths:3 | Found a one-way gate leading to the halls of Pandemonium.
 39396 | Depths:4 | Noticed Mara
 39406 | Depths:4 | Killed Mara
 39599 | Depths:4 | Reached XP level 21. HP: 201/201 MP: 31/33
 39986 | Depths:4 | Noticed a juggernaut
 40002 | Depths:4 | Killed a juggernaut
 40011 | Depths:4 | Noticed a golden dragon
 40016 | Depths:4 | Killed a golden dragon
 40020 | Depths:4 | Noticed a golden dragon
 40029 | Depths:4 | Killed a golden dragon
 40055 | Depths:4 | Got an ancient tin ring
 40078 | Depths:4 | Identified the ring of the Three Orbs {rElec rC- rN+ Str+3 Slay+3} (You took it off a frost giant on level 4 of the Depths)
 40409 | Depths:5 | Entered Level 5 of the Depths
 40438 | Depths:5 | Reached skill level 20 in Unarmed Combat
 40480 | Depths:5 | Noticed a golden dragon
 40485 | Depths:5 | Noticed a juggernaut
 40491 | Depths:5 | Noticed a golden dragon
 40495 | Depths:5 | Killed a golden dragon
 40502 | Depths:5 | Killed a juggernaut
 40515 | Depths:5 | Killed a golden dragon
 41043 | Depths:5 | Reached XP level 22. HP: 213/213 MP: 34/34
 41048 | Depths:5 | Noticed a juggernaut
 41145 | Depths:5 | Found a gate to the Realm of Zot.
 41678 | Elf:1    | Entered Level 1 of the Elven Halls
 42486 | Elf:1    | Identified the Tome of Confrontation
 42690 | Elf:2    | Found Apuhog's Antique Armour Boutique.
 42690 | Elf:2    | Found Nyiwkar's Assorted Antiques.
 42704 | Elf:2    | Bought a potion of haste for 370 gold pieces
 42704 | Elf:2    | Bought a scroll of identify for 74 gold pieces
 42753 | Elf:2    | Found Deawig's Distillery.
 42761 | Elf:2    | Bought a potion of might for 56 gold pieces
 42761 | Elf:2    | Bought a potion of brilliance for 56 gold pieces
 42761 | Elf:2    | Bought a potion of haste for 140 gold pieces
 42761 | Elf:2    | Bought a potion of haste for 140 gold pieces
 42761 | Elf:2    | Bought a potion of heal wounds for 70 gold pieces
 42761 | Elf:2    | Bought 2 potions of curing for 84 gold pieces
 42826 | Elf:2    | Found Hyejas's Distillery.
 42830 | Elf:2    | Bought a potion of magic for 112 gold pieces
 42830 | Elf:2    | Bought a potion of curing for 42 gold pieces
 42830 | Elf:2    | Bought a potion of heal wounds for 70 gold pieces
 42830 | Elf:2    | Bought a potion of curing for 42 gold pieces
 42830 | Elf:2    | Bought a potion of haste for 140 gold pieces
 42830 | Elf:2    | Bought a potion of brilliance for 56 gold pieces
 42830 | Elf:2    | Bought a potion of curing for 42 gold pieces
 42830 | Elf:2    | Bought a potion of ambrosia for 112 gold pieces
 42934 | Elf:2    | Found a huge runed gate.
 42934 | Elf:2    | Found a huge runed gate.
 42934 | Elf:2    | Found a huge runed gate.
 42934 | Elf:2    | Found a huge runed gate.
 42934 | Elf:2    | Found a huge runed gate.
 43402 | Elf:3    | Entered Level 3 of the Elven Halls
 43634 | Elf:3    | Noticed Louise
 43641 | Elf:3    | Killed Louise
 44052 | Elf:3    | Identified the Grimoire of Morality
 44057 | Elf:3    | Learned a level 2 spell: Blink
 44078 | Elf:3    | Learned a level 8 spell: Controlled Blink
 44093 | Elf:3    | Identified the Tome of the Illusory Songs
 44139 | Elf:3    | Got a coiled amber ring
 44190 | Elf:3    | Identified the ring "Ammygoum" {rElec rF+} (You took it off a deep elf demonologist on level 3 of the Elven Halls)
 44266 | Elf:3    | Identified the Catalogue of the Mosquito
 44286 | Elf:3    | Learned a level 6 spell: Deflect Missiles
 44292 | Elf:3    | Learned a level 5 spell: Dispel Undead
 44520 | D:8      | Bought a sack of spiders for 800 gold pieces
 44520 | D:8      | Bought a scroll of teleportation for 120 gold pieces
 44520 | D:8      | Bought 2 potions of might for 320 gold pieces
 44520 | D:8      | Bought a potion of heal wounds for 200 gold pieces
 44669 | Shoals:1 | Entered Level 1 of the Shoals
 44704 | Shoals:1 | Noticed Aizul
 44714 | Shoals:1 | Killed Aizul
 44714 | Shoals:1 | Reached skill level 1 in Translocations
 45138 | Shoals:1 | Reached skill level 1 in Charms
 45435 | Shoals:2 | Reached skill level 1 in Air Magic
 45562 | Shoals:2 | Noticed Polyphemus
 45580 | Shoals:2 | Killed Polyphemus
 45632 | Shoals:2 | Reached XP level 23. HP: 223/223 MP: 34/36
 45900 | Shoals:3 | Found Ruadot's General Store.
 45995 | Shoals:3 | Reached skill level 21 in Unarmed Combat
 46023 | Shoals:3 | Noticed Ilsuiw
 46069 | Shoals:3 | Killed Ilsuiw
 46222 | Shoals:3 | Bought a scroll of identify for 32 gold pieces
 46222 | Shoals:3 | Bought a potion of brilliance for 64 gold pieces
 46222 | Shoals:3 | Bought a box of beasts for 320 gold pieces
 46599 | Shoals:4 | Entered Level 4 of the Shoals
 46783 | Shoals:4 | Got a translucent iron amulet
 46789 | Shoals:4 | Identified the amulet "Wuruul" {+Rage rPois rN+ Dex-3} (You found it on level 4 of the Shoals)
 46898 | Shoals:4 | Got a translucent sapphire amulet
 47011 | Shoals:4 | Noticed Donald
 47026 | Shoals:4 | Killed Donald
 47163 | Shoals:4 | Got a barnacled rune of Zot
 47841 | Vaults:5 | Entered Level 5 of the Vaults
 47854 | Vaults:5 | Cast into level 3 of the Abyss (trident of distortion)
 47881 | Abyss:3  | Reached skill level 10 in Shields
 47889 | Abyss:3  | Paralysed by accursed screaming for 1 turns
 47894 | Abyss:3  | Found a corrupted altar of Lugonu.
 47916 | Abyss:3  | Found a corrupted altar of Lugonu.
 48205 | Abyss:5  | Entered Level 5 of the Abyss
 48244 | Abyss:5  | Paralysed by accursed screaming for 1 turns
 48264 | Abyss:5  | Got an abyssal rune of Zot
 48287 | Vaults:5 | Escaped the Abyss
 48304 | Vaults:4 | Reached skill level 5 in Translocations
 48512 | Vaults:5 | Reached XP level 24. HP: 233/233 MP: 29/36
 48739 | Vaults:5 | Identified the amulet "Jiogeag" {+Rage +Inv Str+2} (You found it on level 4 of the Shoals)
 48962 | Vaults:5 | Reached skill level 15 in Dodging
 49152 | Vaults:5 | Found Ecoacvos's Magic Scroll Emporium.
 49152 | Vaults:5 | Found Qofe's Food Shop.
 49156 | Vaults:5 | Bought a scroll of teleportation for 51 gold pieces
 49156 | Vaults:5 | Bought a scroll of teleportation for 51 gold pieces
 49156 | Vaults:5 | Bought a scroll of magic mapping for 59 gold pieces
 49162 | Vaults:5 | Found Olatz's Magic Scroll Shoppe.
 49170 | Vaults:5 | Bought a scroll of teleportation for 51 gold pieces
 49170 | Vaults:5 | Bought a scroll of identify for 34 gold pieces
 49170 | Vaults:5 | Bought a scroll of teleportation for 51 gold pieces
 49170 | Vaults:5 | Bought a scroll of recharging for 161 gold pieces
 49170 | Vaults:5 | Bought a scroll of identify for 34 gold pieces
 49170 | Vaults:5 | Bought a scroll of magic mapping for 59 gold pieces
 49170 | Vaults:5 | Bought a scroll of fog for 34 gold pieces
 49195 | Vaults:5 | Found Lisizau's Magic Scroll Boutique.
 49208 | Vaults:5 | Reached skill level 5 in Charms
 49210 | Vaults:5 | Got a silver rune of Zot
 49224 | Vaults:5 | Bought a scroll of recharging for 171 gold pieces
 49224 | Vaults:5 | Bought a scroll of summoning for 171 gold pieces
 49224 | Vaults:5 | Bought a scroll of identify for 36 gold pieces
 49224 | Vaults:5 | Bought a scroll of teleportation for 54 gold pieces
 49224 | Vaults:5 | Bought a scroll of summoning for 171 gold pieces
 49224 | Vaults:5 | Bought a scroll of teleportation for 54 gold pieces
 49224 | Vaults:5 | Bought a scroll of recharging for 171 gold pieces
 49224 | Vaults:5 | Bought a scroll of identify for 36 gold pieces
 49225 | Vaults:5 | Found Juet's Food Shoppe.
 49285 | Vaults:5 | Noticed an ancient lich
 49292 | Vaults:5 | Killed an ancient lich
 49292 | Vaults:5 | Reached skill level 5 in Air Magic
 49518 | Vaults:5 | Found Ipoorah's Food Boutique.
 49526 | Vaults:5 | Found Uchodgh's Food Shoppe.
 49531 | Vaults:5 | Found Nagh's Magic Scroll Shop.
 49538 | Vaults:5 | Bought a scroll of identify for 40 gold pieces
 49538 | Vaults:5 | Bought a scroll of identify for 40 gold pieces
 49538 | Vaults:5 | Bought a scroll of identify for 40 gold pieces
 49538 | Vaults:5 | Bought a scroll of magic mapping for 70 gold pieces
 49538 | Vaults:5 | Bought a scroll of identify for 40 gold pieces
 49538 | Vaults:5 | Bought a scroll of identify for 40 gold pieces
 49538 | Vaults:5 | Bought a scroll of recharging for 190 gold pieces
 50200 | Crypt:1  | Entered Level 1 of the Crypt
 50336 | Crypt:1  | Noticed a greater mummy
 50340 | Crypt:1  | Noticed a greater mummy
 50344 | Crypt:1  | Noticed Khufu
 50347 | Crypt:1  | Killed a greater mummy
 50351 | Crypt:1  | Killed a greater mummy
 50356 | Crypt:1  | Killed Khufu
 50356 | Crypt:1  | Reached XP level 25. HP: 155/243 MP: 13/37
 50548 | Crypt:1  | Learned a level 1 spell: Apportation
 50550 | Crypt:1  | Learned a level 1 spell: Summon Butterflies
 50554 | Crypt:1  | Learned a level 3 spell: Lesser Beckoning
 51160 | Crypt:2  | Found a runed gate.
 51161 | Crypt:2  | Found a runed gate.
 51163 | Crypt:2  | Found a runed gate.
 51818 | Crypt:2  | Identified the +0 hat of Defiance {Str+5 Int-2} (You found it on level 2 of the Crypt)
 51874 | Crypt:3  | Entered Level 3 of the Crypt
 51952 | Crypt:3  | Noticed Xtahua
 51963 | Crypt:3  | Killed Xtahua
 52155 | Crypt:3  | Reached skill level 22 in Unarmed Combat
 52257 | Crypt:3  | Found an ancient bone altar of Kikubaaqudgha.
 52405 | Crypt:3  | Identified Parebie's Disquisition on Necromancy
 52413 | Crypt:3  | Learned a level 2 spell: Swiftness
 52417 | Crypt:3  | Got a scorched bone ring
 52418 | Crypt:3  | Identified the ring "Tiepit" {rElec Str+4 Int+3 SInv} (You found it on level 3 of the Crypt)
 52571 | Crypt:3  | Noticed a greater mummy
 52573 | Crypt:3  | Found a staircase to the Tomb.
 52582 | Crypt:3  | Killed a greater mummy
 53526 | Temple   | Entered the Ecumenical Temple
 53595 | Temple   | Fell from the grace of Gozag
 53595 | Temple   | Became a worshipper of Makhleb the Destroyer
 53858 | Hell     | Entered the Vestibule of Hell
 53858 | Hell     | Noticed Geryon
 53877 | Hell     | Upgraded the game from 0.20.0-4-g10b340a to 0.20.0-6-gd3061e9
 53910 | Hell     | Found a gateway to the decaying netherworld of Tartarus.
 53914 | Tar:1    | Entered Level 1 of Tartarus
 54081 | Tar:2    | Reached * piety under Makhleb
 54267 | Tar:4    | Reached XP level 26. HP: 256/256 MP: 29/37
 54293 | Tar:4    | Reached ** piety under Makhleb
 54367 | Tar:4    | Reached skill level 10 in Translocations
 54586 | Tar:6    | Reached *** piety under Makhleb
 54972 | Tar:7    | Entered Level 7 of Tartarus
 54983 | Tar:7    | Reached **** piety under Makhleb
 55240 | Tar:7    | Got a shimmering brass amulet
 55242 | Tar:7    | Identified the amulet of the Mackerel {Reflect rElec Dex+3 SH+5 Stlth+} (You found it on level 7 of Tartarus)
 55288 | Tar:7    | Identified the ring "Kautz" {*Tele rElec rF+ Slay+2} (You found it on level 7 of Tartarus)
 55302 | Tar:7    | Learned a level 3 spell: Regeneration
 55409 | Tar:7    | Reached ***** piety under Makhleb
 55459 | Tar:7    | Noticed an ancient lich
 55465 | Tar:7    | Killed an ancient lich
 55465 | Tar:7    | Reached skill level 15 in Spellcasting
 55564 | Tar:7    | Reached XP level 27. HP: 265/265 MP: 30/37
 55844 | Tar:7    | Learned a level 2 spell: Passwall
 55849 | Tar:7    | Learned a level 4 spell: Passage of Golubria
 55855 | Tar:7    | Learned a level 5 spell: Lee's Rapid Deconstruction
 55872 | Tar:7    | Reached ****** piety under Makhleb
 55928 | Tar:7    | Learned a level 9 spell: Shatter
 56135 | Tar:7    | Noticed Ereshkigal
 56165 | Tar:7    | Killed Ereshkigal
 56206 | Tar:7    | Got a bone rune of Zot
 56382 | Hell     | Killed Geryon
 56407 | Hell     | Reached skill level 23 in Unarmed Combat
 56546 | Hell     | Was forgiven by Gozag
 56581 | Hell     | Found a gateway to the ashen valley of Gehenna.
 56590 | Geh:1    | Entered Level 1 of Gehenna
 56640 | Geh:2    | You fall through a shaft!
 56950 | Geh:4    | You fall through a shaft!
 56958 | Geh:5    | Reached skill level 10 in Armour
 57373 | Geh:7    | Entered Level 7 of Gehenna
 57561 | Geh:7    | Reached skill level 15 in Fighting
 57620 | Geh:7    | Identified the Grimoire of Damaging Necromancy
 57801 | Geh:7    | Noticed Asmodeus
 57821 | Geh:7    | Killed Asmodeus
 57859 | Geh:7    | Identified Ruth's Reference Book on Dislocation
 57878 | Geh:7    | Learned a level 5 spell: Summon Forest
 57938 | Geh:7    | Got a transparent lapis lazuli ring
 57939 | Geh:7    | Identified the ring of Fun {MR+ Str+2 Int+8 SInv} (You found it on level 7 of Gehenna)
 57949 | Geh:7    | Got an obsidian rune of Zot
 58207 | Hell     | Reached skill level 10 in Charms
 58222 | Hell     | Found a gateway to the Iron City of Dis.
 58229 | Dis:1    | Entered Level 1 of the Iron City of Dis
 58934 | Dis:5    | Reached skill level 15 in Evocations
 59037 | Dis:7    | Entered Level 7 of the Iron City of Dis
 59077 | Dis:7    | Reached skill level 15 in Earth Magic
 59122 | Dis:7    | Reached skill level 10 in Air Magic
 59293 | Dis:7    | Noticed Dispater
 59324 | Dis:7    | Killed Dispater
 59351 | Dis:7    | Got a glittering brass ring
 59352 | Dis:7    | Identified the ring of Tiott {Fire *Contam Str+3 Slay+5 Stlth-} (You found it on level 7 of the Iron City of Dis)
 59359 | Dis:7    | Got an iron rune of Zot
 59364 | Dis:7    | Got a clouded amber ring
 59365 | Dis:7    | Identified the ring of Vunotaix {rC+ Int+2 Dex+2 Slay+3} (You found it on level 7 of the Iron City of Dis)
 59536 | Hell     | Found a gateway to the freezing wastes of Cocytus.
 59547 | Coc:1    | Entered Level 1 of Cocytus
 59878 | Coc:3    | Reached skill level 24 in Unarmed Combat
 59958 | Coc:3    | You fall through a shaft!
 60232 | Coc:7    | Entered Level 7 of Cocytus
 60334 | Coc:7    | Noticed the Serpent of Hell
 60344 | Coc:7    | Killed the Serpent of Hell
 60451 | Coc:7    | Reached skill level 15 in Translocations
 60854 | Coc:7    | Noticed Antaeus
 60866 | Coc:7    | Killed Antaeus
 60885 | Coc:7    | Got an icy rune of Zot
 60950 | Hell     | Noticed Murray
 60970 | Hell     | Killed Murray
 61128 | Pan      | Entered Pandemonium
 61211 | Pan      | Noticed Karph the pandemonium lord
 61218 | Pan      | Killed Karph the pandemonium lord
 61252 | Pan      | Found an exit through the horrors of the Abyss.
 61260 | Pan      | Noticed Jogynaom the pandemonium lord
 61267 | Pan      | Killed Jogynaom the pandemonium lord
 61568 | Pan      | Noticed Guisat the pandemonium lord
 61594 | Pan      | Killed Guisat the pandemonium lord
 61683 | Pan      | Noticed Leziesaa the pandemonium lord
 61701 | Pan      | Killed Leziesaa the pandemonium lord
 61709 | Pan      | Gained mutation: Your spells are a little easier to cast, but a little less powerful. [a cacodemon]
 61790 | Pan      | Found a runed door.
 61806 | Pan      | Got a demonic rune of Zot
 61816 | Pan      | Entered the realm of Lom Lobon.
 62308 | Pan      | Noticed Lom Lobon
 62325 | Pan      | Killed Lom Lobon
 62345 | Pan      | Got a magical rune of Zot
 62849 | Pan      | Noticed Yledog the pandemonium lord
 62864 | Pan      | Killed Yledog the pandemonium lord
 63050 | Pan      | Noticed Zimm the pandemonium lord
 63054 | Pan      | Cast into level 4 of the Abyss (Zimm)
 63070 | Pan      | Escaped the Abyss
 63074 | Pan      | Killed Zimm the pandemonium lord
 63079 | Pan      | Gained mutation: You are weak. (Str -2) [a cacodemon]
 63103 | Pan      | Entered the realm of Cerebov.
 63286 | Pan      | Noticed Cerebov
 63313 | Pan      | Killed Cerebov
 63366 | Pan      | Got a fiery rune of Zot
 63600 | Pan      | Identified the +1 cloak "Guecs" {*Contam rPois Stlth+} (You found it in Pandemonium)
 63664 | Pan      | Gained mutation: Potions are less effective at restoring your health. [a neqoxec]
 63829 | Pan      | Entered the realm of Gloorx Vloq.
 63841 | Pan      | Reached skill level 25 in Unarmed Combat
 63924 | Pan      | Reached skill level 15 in Shields
 63982 | Pan      | Noticed Gloorx Vloq
 63994 | Pan      | Killed Gloorx Vloq
 64016 | Pan      | Got a dark rune of Zot
 64069 | Pan      | Found an exit through the horrors of the Abyss.
 64090 | Pan      | Identified the Volume of Gliding Transformation
 64127 | Pan      | Found an exit through the horrors of the Abyss.
 64413 | Pan      | Noticed Hietsaih the pandemonium lord
 64421 | Pan      | Killed Hietsaih the pandemonium lord
 64457 | Pan      | Entered the realm of Mnoleg.
 64511 | Pan      | Lost mutation: You possess an exceptional clarity of mind. [a cacodemon]
 64514 | Pan      | Gained mutation: You occasionally shout uncontrollably at your foes. [a neqoxec]
 64522 | Pan      | Gained mutation: You are agile. (Dex +2) [a neqoxec]
 64524 | Pan      | Gained mutation: You are somewhat resistant to further mutation. [a neqoxec]
 64585 | Pan      | Gained mutation: Your spells are easier to cast, but less powerful. [a neqoxec]
 64617 | Pan      | Noticed Mnoleg
 64629 | Pan      | Killed Mnoleg
 64644 | Pan      | Got a glowing rune of Zot
 64863 | Pan      | Gained mutation: Scrolls take you a little longer to read. [a neqoxec]
 64893 | Pan      | Found an exit through the horrors of the Abyss.
 64899 | Pan      | Took an exit into the Abyss.
 64899 | Abyss:1  | Escaped into the Abyss
 65042 | Depths:4 | Escaped the Abyss
 65504 | Slime:1  | Entered Level 1 of the Pits of Slime
 65713 | Slime:5  | Entered Level 5 of the Pits of Slime
 65768 | Slime:5  | Found a viscous altar of Jiyva.
 65770 | Slime:5  | Noticed the Royal Jelly
 65784 | Slime:5  | Killed the Royal Jelly
 65852 | Slime:5  | Got a translucent golden amulet
 65855 | Slime:5  | Identified the amulet of Joy {Harm *Drain Int+4} (You found it on level 5 of the Pits of Slime)
 65861 | Slime:5  | Learned a level 2 spell: Shroud of Golubria
 65897 | Slime:5  | Identified the Handbook of Glacial Dark Magic
 65917 | Slime:5  | Got a slimy rune of Zot
 65919 | Slime:5  | Got a serpentine wooden ring
 65922 | Slime:5  | Identified the ring "Fiepnemn" {rCorr Dex+3} (You found it on level 5 of the Pits of Slime)
 65969 | Slime:5  | Lost mutation: Scrolls take you a little longer to read. [potion of mutation]
 65969 | Slime:5  | Lost mutation: You are weak. (Str -2) [potion of mutation]
 65969 | Slime:5  | Lost mutation: You occasionally shout uncontrollably at your foes. [potion of mutation]
 65969 | Slime:5  | Lost mutation: Your spells are easier to cast, but less powerful. [potion of mutation]
 65969 | Slime:5  | Gained mutation: Potions are poor at restoring your health. [potion of mutation]
 65969 | Slime:5  | Gained mutation: You have a pair of horns on your head. [potion of mutation]
 66507 | Zot:1    | Entered Level 1 of the Realm of Zot
 67933 | Zot:5    | Entered Level 5 of the Realm of Zot
 68038 | Zot:5    | Noticed an orb of fire
 68043 | Zot:5    | Noticed an ancient lich
 68046 | Zot:5    | Killed an orb of fire
 68054 | Zot:5    | Noticed an orb of fire
 68055 | Zot:5    | Killed an ancient lich
 68056 | Zot:5    | Noticed an orb of fire
 68059 | Zot:5    | Lost mutation: Your mind is acute. (Int +2) [an orb of fire]
 68060 | Zot:5    | Noticed an orb of fire
 68065 | Zot:5    | Killed an orb of fire
 68074 | Zot:5    | Noticed an orb of fire
 68076 | Zot:5    | Killed an orb of fire
 68079 | Zot:5    | Gained mutation: You are weak. (Str -2) [an orb of fire]
 68080 | Zot:5    | Killed an orb of fire
 68086 | Zot:5    | Reached skill level 26 in Unarmed Combat
 68094 | Zot:5    | Killed an orb of fire
 68109 | Zot:5    | Noticed an ancient lich
 68121 | Zot:5    | Killed an ancient lich
 68185 | Zot:5    | Noticed an orb of fire
 68194 | Zot:5    | Noticed an ancient lich
 68195 | Zot:5    | Gained mutation: Your body sometimes deteriorates upon taking damage. [an orb of fire]
 68198 | Zot:5    | Killed an orb of fire
 68199 | Zot:5    | Noticed an ancient lich
 68201 | Zot:5    | Killed an ancient lich
 68210 | Zot:5    | Killed an ancient lich
 68215 | Zot:5    | Got the Orb of Zot
 68216 | Zot:5    | Noticed an ancient lich
 68238 | Zot:5    | Killed an ancient lich
 68264 | Zot:5    | Noticed Wosuexue the pandemonium lord
 68293 | Zot:5    | Noticed an ancient lich
 68301 | Zot:5    | Killed an ancient lich
 68387 | Zot:2    | You fall through a shaft for 2 floors!
 68572 | Zot:1    | Noticed Raosum the pandemonium lord
 68982 | Tomb:1   | Entered Level 1 of the Tomb of the Ancients
 69022 | Tomb:1   | Noticed Noalolei the pandemonium lord
 69033 | Tomb:1   | Killed Noalolei the pandemonium lord
 69035 | Tomb:1   | Gained mutation: You are dopey. (Int -2) [a neqoxec]
 69088 | Tomb:1   | Noticed Ageited the pandemonium lord
 69102 | Tomb:1   | Killed Ageited the pandemonium lord
 69131 | Tomb:1   | Noticed Xeeliwk the pandemonium lord
 69224 | Tomb:1   | Noticed a greater mummy
 69226 | Tomb:1   | Killed a greater mummy
 69248 | Tomb:2   | Noticed a greater mummy
 69249 | Tomb:2   | Noticed a greater mummy
 69250 | Tomb:2   | Noticed a greater mummy
 69250 | Tomb:2   | Noticed a greater mummy
 69250 | Tomb:2   | Noticed a greater mummy
 69253 | Tomb:2   | Noticed Tiarchaa the pandemonium lord
 69402 | Tomb:2   | Noticed Rasit the pandemonium lord
 69409 | Tomb:2   | Killed Rasit the pandemonium lord
 69437 | Tomb:3   | Entered Level 3 of the Tomb of the Ancients
 69451 | Tomb:3   | Noticed a greater mummy
 69459 | Tomb:3   | Noticed Pashob the pandemonium lord
 69465 | Tomb:3   | Killed Pashob the pandemonium lord
 69486 | Tomb:3   | Killed a greater mummy
 69488 | Tomb:3   | Noticed Teolyritt the pandemonium lord
 69490 | Tomb:3   | Noticed a greater mummy
 69492 | Tomb:3   | Killed Teolyritt the pandemonium lord
 69500 | Tomb:3   | Noticed an ancient lich
 69504 | Tomb:3   | Killed a greater mummy
 69515 | Tomb:3   | Killed an ancient lich
 69545 | Tomb:3   | Noticed puimuR's ghost (veteran HOBe)
 69546 | Tomb:3   | Noticed a greater mummy
 69547 | Tomb:3   | Noticed a greater mummy
 69552 | Tomb:3   | Noticed Lituokkour the pandemonium lord
 69561 | Tomb:3   | Got a golden rune of Zot
 69591 | Tomb:3   | Noticed a greater mummy
 69602 | Tomb:3   | Killed a greater mummy
 69636 | Tomb:3   | Noticed a greater mummy
 69644 | Tomb:3   | Killed a greater mummy
 69648 | Tomb:3   | Killed a greater mummy
 69657 | Tomb:3   | Killed Lituokkour the pandemonium lord
 69666 | Tomb:3   | Noticed Woiquefo the pandemonium lord
 69679 | Tomb:3   | Killed Woiquefo the pandemonium lord
 69693 | Tomb:3   | Noticed a greater mummy
 69699 | Tomb:3   | Killed a greater mummy
 69707 | Tomb:3   | Noticed Ujyeraef the pandemonium lord
 69721 | Tomb:3   | Killed Ujyeraef the pandemonium lord
 69755 | Tomb:3   | Noticed Tesoeves the pandemonium lord
 69766 | Tomb:3   | Killed puimuR's ghost
 69770 | Tomb:3   | Killed Tesoeves the pandemonium lord
 69844 | Tomb:1   | Noticed a greater mummy
 69856 | Tomb:1   | Killed a greater mummy
 69887 | Tomb:1   | Noticed a seraph
 69887 | Tomb:1   | Noticed Uxkof the pandemonium lord
 69894 | Tomb:1   | Noticed a greater mummy
 69895 | Tomb:1   | Killed a greater mummy
 69900 | Tomb:1   | Noticed a greater mummy
 69901 | Tomb:1   | Noticed a greater mummy
 69902 | Tomb:1   | Noticed a greater mummy
 70089 | Tomb:1   | Noticed Gudwipomm the pandemonium lord
 70094 | Tomb:1   | Noticed a greater mummy
 70099 | Tomb:1   | HP: 12/286 [Tzitzimitl (10)]
 70107 | Tomb:1   | Killed Gudwipomm the pandemonium lord
 70113 | Tomb:1   | Killed a greater mummy
 70128 | Tomb:1   | Killed a greater mummy
 70145 | Tomb:1   | Noticed Frederick
 70153 | Tomb:1   | Killed Uxkof the pandemonium lord
 70276 | Crypt:3  | Noticed Wucul the pandemonium lord
 70286 | Crypt:3  | Killed Wucul the pandemonium lord
 70297 | Crypt:3  | Reached skill level 27 in Unarmed Combat
 70840 | D:1      | Noticed Gonupov the pandemonium lord
 70844 | D:1      | Killed Gonupov the pandemonium lord
 70885 | D:$      | Escaped with the Orb!

Skill      XL: |  1  2  3  4  5  6  7  8  9 10 11 12 13 14 15 16 17 18 19 20 21 22 23 24 25 26 27 |
---------------+----------------------------------------------------------------------------------+-----
Unarmed Combat | 1 2 3 4 5 6 7 8 9 11 12 13 14 15 16 17 18 19 20 21 22 27 | 27.0
Dodging        | 3 4 5 7 8 9 10 11 12 13 14 15 16 19 | 19.6
Armour         | 2 3 5 6 7 8 9 10 | 10.6
Fighting       | 2 4 5 6 7 8 9 10 11 12 13 14 19 | 19.0
Evocations     | 4 6 8 10 11 12 13 18 | 18.8
Shields        | 4 5 6 7 8 9 10 11 12 17 | 17.1
Earth Magic    | 3 5 6 7 8 9 10 11 12 13 14 20 | 20.7
Spellcasting   | 3 5 6 7 9 10 11 12 13 14 15 18 | 18.9
Transmutations | 3 5 6 7 8 9 10 11 12 | 12.0
Translocations | 2 5 7 9 11 20 | 20.1
Charms         | 1 3 5 7 8 12 | 12.0
Air Magic      | 1 3 5 6 8 11 | 11.5
Short Blades   | |  0.8
Stealth        | |  0.8

Action                   |  1- 3 |  4- 6 |  7- 9 | 10-12 | 13-15 | 16-18 | 19-21 | 22-24 | 25-27 || total
-------------------------+-------+-------+-------+-------+-------+-------+-------+-------+-------++-------
Melee: Short sword       |    83 |       |       |       |       |       |       |       |       ||    83
       Kick              |     1 |    35 |    94 |   211 |   561 |   502 |   580 |   639 |  2317 ||  4940
       Punch             |     1 |     4 |     7 |    12 |       |       |       |       |       ||    24
       Dagger            |    73 |   106 |    43 |       |       |       |       |       |       ||   222
       Unarmed           |       |    18 |   277 |   777 |  1505 |  1016 |  1132 |  1470 |  5602 || 11797
       Headbutt          |       |       |       |       |   145 |   310 |   371 |   401 |  1436 ||  2663
 Cast: Statue Form       |       |       |       |       |       |    12 |    16 |    28 |   155 ||   211
       Blink             |       |       |       |       |       |       |       |     1 |    12 ||    13
       Lesser Beckoning  |       |       |       |       |       |       |       |       |    18 ||    18
       Regeneration      |       |       |       |       |       |       |       |       |    32 ||    32
       Deflect Missiles  |       |       |       |       |       |       |       |       |    14 ||    14
       Apportation       |       |       |       |       |       |       |       |       |    12 ||    12
       Lee's Rapid Decon |       |       |       |       |       |       |       |       |    11 ||    11
       Passage of Golubr |       |       |       |       |       |       |       |       |    10 ||    10
       Shatter           |       |       |       |       |       |       |       |       |     5 ||     5
       Passwall          |       |       |       |       |       |       |       |       |     3 ||     3
       Shroud of Golubri |       |       |       |       |       |       |       |       |     2 ||     2
       Summon Forest     |       |       |       |       |       |       |       |       |     2 ||     2
       Controlled Blink  |       |       |       |       |       |       |       |       |     1 ||     1
       Swiftness         |       |       |       |       |       |       |       |       |     1 ||     1
Invok: Call Merchant     |       |       |       |       |     3 |     2 |     2 |     3 |     2 ||    12
 Abil: Evoke Berserk Rag |       |       |       |       |       |     1 |       |       |     1 ||     2
       End Transformatio |       |       |       |       |       |       |       |       |     1 ||     1
Evoke: Wand              |     3 |     1 |     6 |    10 |    14 |       |       |     3 |    23 ||    60
       Lamp of fire      |       |       |       |       |     1 |     1 |     1 |     2 |     6 ||    11
       Sack of spiders   |       |       |       |       |       |     7 |       |       |     2 ||     9
       Box of beasts     |       |       |       |       |       |     1 |       |       |       ||     1
       Lightning rod     |       |       |       |       |       |       |       |     4 |     4 ||     8
       Horn of Geryon    |       |       |       |       |       |       |       |       |     9 ||     9
       Phantom mirror    |       |       |       |       |       |       |       |       |     2 ||     2
  Use: Scroll            |     5 |     4 |     2 |    14 |    12 |     8 |     8 |     9 |    65 ||   127
       Potion            |     5 |     1 |       |     2 |     2 |     4 |     2 |     2 |    44 ||    62
 Stab: Distracted        |       |     1 |     2 |     8 |     9 |    15 |    16 |    37 |    42 ||   130
       Sleeping          |       |       |       |       |     1 |     3 |     1 |       |    11 ||    16
       Petrifying        |       |       |       |       |       |       |       |     1 |       ||     1
       Petrified         |       |       |       |       |       |       |       |     1 |       ||     1
       Invisible         |       |       |       |       |       |       |       |     2 |       ||     2
       Confused          |       |       |       |       |       |       |       |     1 |     1 ||     2
       Paralysed         |       |       |       |       |       |       |       |       |     3 ||     3
  Eat: Chunk             |     3 |     7 |       |       |       |       |       |       |    15 ||    25
       Fruit             |       |       |     3 |     9 |    22 |    12 |     6 |    12 |     9 ||    73
       Royal jelly       |       |       |     1 |     6 |     4 |     2 |     5 |     2 |     4 ||    24
       Meat ration       |       |       |     2 |     1 |     3 |     3 |     3 |     6 |    17 ||    35
       Bread ration      |       |       |       |       |       |       |       |       |     6 ||     6
Armor: Leather armour    |    50 |     7 |    21 |   118 |   162 |    56 |    82 |    62 |    78 ||   636
       Skin              |     8 |       |       |       |       |    65 |   173 |   273 |  1688 ||  2207
       Ring mail         |       |    26 |    50 |       |       |       |       |       |       ||    76
Dodge: Dodged            |    75 |    54 |   144 |   399 |   593 |   612 |   713 |   888 |  4919 ||  8397
       Deflected         |       |       |       |       |       |       |       |       |   131 ||   131
Block: Buckler           |       |       |       |   224 |   523 |   196 |       |       |       ||   943
       Reflection        |       |       |       |       |    38 |       |       |       |    83 ||   121
       Shield            |       |       |       |       |       |    98 |   701 |   923 |  6541 ||  8263
